 Dungeon Sprint DCSS version 0.23.2-1-ga50397a6bc (webtiles) character file.

Game seed: 7687253406755968321

18553 Kobolds4U the Imperceptible (level 12, -7/61 HPs)
             Began as a Spriggan Assassin on May 29, 2019.
             Was a High Priest of Sif Muna.
             Killed from afar by a fire giant (23 damage)
             ... with a bolt of fire
             ... in the Dungeon (Sprint I: "Red Sonja").
             The game lasted 00:39:33 (4978 turns).

Kobolds4U the Imperceptible (Spriggan Assassin)     Turns: 4978, Time: 00:39:34

Health: -7/61      AC:  2    Str:  7    XL:     12   Next: 28%
Magic:  0/30       EV: 38    Int: 14    God:    Sif Muna [*****.]
Gold:   1570       SH:  7    Dex: 21    Spells: 2/37 levels left

rFire    + . .     SeeInvis +   b - +6 blowgun
rCold    + . .     Gourm    .   o - +0 buckler
rNeg     . . .     Faith    .   c - +0 robe
rPois    .         Spirit   +   (helmet restricted)
rElec    .         Reflect  .   u - scarf {rC+ rF+}
rCorr    .         Harm     .   (gloves unavailable)
MR       ++...     NoTele   +   (boots unavailable)
Stlth    +++++++++.             s - amulet of guardian spirit
HPRegen  0.20/turn              v - +4 ring of evasion
MPRegen  0.22/turn              (no ring)

@: very slightly contaminated, invisible, very quick
A: very small, unfitting armour, see invisible, herbivore, speed 3, slow
metabolism 2
a: Divine Energy, Channel Magic, Forget Spell, Renounce Religion


You were in the Dungeon.
You worshipped Sif Muna.
Sif Muna was extremely pleased with you.
You were near starving.

You visited 1 branch You collected 3130 gold pieces.
You spent 1560 gold pieces at shops.

Inventory:

Hand Weapons
 a - a +2 dagger
 b - a +6 blowgun (weapon)
 m - a +0 shortbow
 n - a +1 rapier of flaming
 r - a +2 arbalest of flaming
 y - a +0 long sword
Missiles
 e - 7 poisoned needles (quivered)
 f - 3 curare-tipped needles
 q - 77 arrows
Armour
 c - a +0 robe (worn)
 d - a +0 cloak
 o - a +0 buckler (worn)
 u - a scarf of resistance (worn)
Jewellery
 s - an amulet of guardian spirit (around neck)
 v - a +4 ring of evasion (left hand)
Wands
 h - a wand of paralysis (3)
Potions
 i - a potion of curing
 j - 2 potions of haste
 k - 2 potions of magic
 l - a potion of berserk rage
 p - a potion of brilliance
 z - a potion of might
Comestibles
 g - a ration


   Skills:
 - Level 6.0 Fighting
 + Level 9.3 Short Blades
 - Level 2.0 Throwing
 - Level 17.3 Dodging
 - Level 24.0 Stealth
 - Level 1.8 Shields
 - Level 13.0 Spellcasting
 - Level 4.4 Conjurations
 - Level 7.0 Hexes
 + Level 7.0 Charms
 - Level 9.0 Summonings
 - Level 3.1 Fire Magic
 - Level 4.9 Ice Magic
 * Level 6.6 Air Magic
 - Level 4.8 Invocations


You had 2 spell levels left.
You knew the following spells:

 Your Spells              Type           Power        Failure   Level  Hunger
a - Ensorcelled Hibernat  Hex/Ice        ####..       1%          2    None
b - Tukima's Dance        Hex            ####....     1%          3    None
c - Deflect Missiles      Chrm/Air       ####......   71%         6    ######.
d - Dazzling Spray        Conj/Hex       ####..       3%          3    None
e - Summon Mana Viper     Hex/Summ       ####....     12%         5    #####..
f - Aura of Abjuration    Summ           ####......   8%          5    #####..
g - Call Imp              Summ           ####....     1%          2    None
h - Fireball              Conj/Fire      ###.......   54%         5    #####..
i - Cause Fear            Hex            ####......   6%          4    ###....

Your spell library contained the following spells:

 Spells                   Type           Power        Failure   Level  Hunger
 Corona                   Hex            ####...      1%          1    None
 Infusion                 Chrm           ####         1%          1    None
 Magic Dart               Conj           ###.         1%          1    None
 Song of Slaying          Chrm           ####....     1%          2    None
 Shroud of Golubria       Chrm/Tloc      ###.......   4%          2    None
 Apportation              Tloc           #.....       11%         1    None
 Confuse                  Hex            ####....     1%          3    None
 Spectral Weapon          Hex/Chrm       ####....     1%          3    None
 Regeneration             Chrm/Necr      ###.......   8%          3    None
 Iskenderun's Mystic Bla  Conj           ###.....     17%         4    ###....
 Silence                  Hex/Air        ####......   19%         5    #####..
 Ignite Poison            Fire/Tmut/Pois ##......     22%         3    None
 Excruciating Wounds      Chrm/Necr      ###.......   58%         5    #####..
 Yara's Violent Unravell  Hex/Tmut       ###.......   58%         5    #####..
 Bolt of Magma            Conj/Fire/Erth ###.......   73%         5    #####..
 Bolt of Draining         Conj/Necr      ###.......   77%         5    #####..
 Bolt of Fire             Conj/Fire      ###.......   98%         6    ######.
 Dispersal                Tloc           #.........   100%        6    ######.
 Ring of Flames           Chrm/Fire      ###.......   100%        7    #######
 Discord                  Hex            ####......   100%        8    #######
 Ignition                 Fire           ###.......   100%        8    #######


Dungeon Overview and Level Annotations

Branches:
Dungeon (1/1)

Altars:
Cheibriados
Dithmenos
Elyvilon
Fedhas
Gozag
Hepliaklqana
Kikubaaqudgha
Makhleb
Nemelex Xobeh
Okawaru
Qazlal
Ru
Sif Muna
Trog
Uskayaw
Vehumet
Wu Jian
Xom
Yredelemnul
Zin
The Shining One
Jiyva
Lugonu

Shops:
D *:?[*!%*:}((!*}[=[

Annotations:
D exclusion: oklob plant


Innate Abilities, Weirdness & Mutations

You are very small and have problems with some larger weapons.
You are too small for most types of armour.
You have supernaturally acute eyesight. (SInv)
You are a herbivore.
You cover ground extremely quickly.
You need to consume almost no food.


Message History

Press: ? - help, Shift-Dir - straight line, f/p - fire giant
Aim: a fire giant, wielding a +1 great sword of flaming (heavily wounded, slow, poisoned)
You shoot a poisoned needle.
The poisoned needle barely misses the fire giant.
The fire giant casts a spell at you.
The fireball explodes!
The fireball engulfs you!! You resist.
* * * LOW HITPOINT WARNING * * *
There is an open door here.
Firing (i - inventory. (/) - cycle)
e - 8 poisoned needles (quivered)
Press: ? - help, Shift-Dir - straight line, f/p - fire giant
Aim: a fire giant, wielding a +1 great sword of flaming (heavily wounded, slow, poisoned)
You shoot a poisoned needle.
The poisoned needle completely misses the fire giant.
The poisoned needle hits the fire giant!
The fire giant looks as sick as possible!
The fire giant is heavily wounded.
The fire giant points at you and mumbles some strange words.
The bolt of fire hits the fire giant.
The fire giant resists.
The bolt of fire hits you!! You resist.
You die...

################################
#<.#.)'..#.)'..#__#..((.)#..#§§§
#..'..#..'..#..@..CC(#...##+#§##
#..#####'#####'#__####)..CC§#§#
#..####..#...#§####§§#####..§§#
#.)#__####..##§#≈≈§§§#§.##+####
#..#_____##'#_.§≈≈§§§§§§#...°°#
#⌠⌠#_.∩...'..._#≈≈≈§§#§§#....°+
####_..__##_.#'##§#####'###^).#
#_____###'#.#.[(.###.§.#.°°#
############.####'###.###.#..##


You could see 2 fire giants.

Vanquished Creatures
  A golden dragon (D)
  A shadow dragon (D)
  A hydra (D)
  2 centaur warriors (D)
  Sonja (D)
  A deep troll (D)
  A lindwurm (D)
  7 unseen horrors (D)
  An oklob plant (D)
  2 merfolk sirens (D)
  A gargoyle (D)
  4 demonic crawlers (D)
  2 kobold demonologists (D)
  A hellwing (D)
  2 hornets (D)
  A slime creature (D)
  2 redbacks (D)
  A yak (D)
  Sigmund (D)
  13 hogs (D)
  3 floating eyes (D)
  7 necrophages (D)
  An ogre (D)
  8 jellies (D)
  Ijyb (D)
  3 ballistomycetes (D)
69 creatures vanquished.

Vanquished Creatures (others)
  3 hornets (D)
  2 ballistomycete spores (D)
5 creatures vanquished.

Grand Total: 74 creatures vanquished

Notes
Turn   | Place    | Note
-------+----------+-------------------------------------------
     0 | D        | Kobolds4U the Spriggan Assassin began the quest for the
                  | Orb.
     0 | D        | Reached XP level 1. HP: 10/10 MP: 2/2
     1 | D        | Noticed Ijyb
     4 | D        | Killed Ijyb
     4 | D        | Reached skill level 10 in Stealth
     4 | D        | Reached XP level 2. HP: 14/14 MP: 3/3
     6 | D        | Noticed an ogre
    39 | D        | Killed an ogre
    39 | D        | Reached skill level 14 in Stealth
    39 | D        | Reached XP level 3. HP: 18/18 MP: 4/4
    39 | D        | Reached XP level 4. HP: 22/22 MP: 5/5
    63 | D        | Noticed Sigmund
    66 | D        | Killed Sigmund
    66 | D        | Reached skill level 18 in Stealth
    66 | D        | Reached XP level 5. HP: 25/25 MP: 6/6
    79 | D        | Found a burning altar of Makhleb.
    79 | D        | Found a viscous altar of Jiyva.
    79 | D        | Found a shimmering altar of Xom.
    79 | D        | Found a corrupted altar of Lugonu.
    79 | D        | Noticed a slime creature
    82 | D        | Killed a slime creature
    82 | D        | Reached skill level 20 in Stealth
    82 | D        | Reached XP level 6. HP: 30/30 MP: 7/7
    99 | D        | Found an ornate altar of the Wu Jian Council.
    99 | D        | Found a deep blue altar of Sif Muna.
   101 | D        | Found a radiant altar of Vehumet.
   133 | D        | Found Xearphokk's Book Emporium.
   133 | D        | Found an ancient bone altar of Kikubaaqudgha.
   133 | D        | Found a hazy altar of Hepliaklqana.
   133 | D        | Found a stormy altar of Qazlal.
   133 | D        | Found a hide-covered altar of Uskayaw.
   133 | D        | Found a blossoming altar of Fedhas.
   133 | D        | Found a bloodstained altar of Trog.
   133 | D        | Found an iron altar of Okawaru.
   133 | D        | Found a basalt altar of Yredelemnul.
   133 | D        | Found a glowing golden altar of the Shining One.
   133 | D        | Found a snail-covered altar of Cheibriados.
   133 | D        | Found a sacrificial altar of Ru.
   133 | D        | Found a glowing silver altar of Zin.
   133 | D        | Found a shadowy altar of Dithmenos.
   133 | D        | Found a white marble altar of Elyvilon.
   133 | D        | Noticed a yak
   134 | D        | Found an opulent altar of Gozag.
   135 | D        | Killed a yak
   135 | D        | Reached skill level 21 in Stealth
   135 | D        | Reached XP level 7. HP: 33/33 MP: 8/8
   136 | D        | Found a sparkling altar of Nemelex Xobeh.
   140 | D        | Bought a book of Maledictions for 250 gold pieces
   144 | D        | Learned a level 2 spell: Ensorcelled Hibernation
   148 | D        | Learned a level 3 spell: Tukima's Dance
   155 | D        | Became a worshipper of Sif Muna the Loreminder
   158 | D        | Noticed a centaur warrior
   163 | D        | Noticed a centaur warrior
   165 | D        | Killed a centaur warrior
   165 | D        | Reached * piety under Sif Muna
   165 | D        | Reached skill level 22 in Stealth
   165 | D        | Reached XP level 8. HP: 37/37 MP: 8/22
   166 | D        | Killed a centaur warrior
   166 | D        | Reached ** piety under Sif Muna
   166 | D        | Reached skill level 23 in Stealth
   210 | D        | Noticed a hornet
   213 | D        | Killed a hornet
   213 | D        | Reached *** piety under Sif Muna
   213 | D        | Reached XP level 9. HP: 41/41 MP: 16/26
   224 | D        | Noticed an oklob plant
   226 | D        | Killed an oklob plant
   269 | D        | Learned a level 3 spell: Confuse
   273 | D        | Learned a level 3 spell: Dazzling Spray
   298 | D        | Reached skill level 24 in Stealth
   298 | D        | Reached skill level 5 in Hexes
   332 | D        | HP: 2/41 [poisoned by a redback]
   340 | D        | HP: 1/41 [poisoned by a redback]
   656 | D        | Noticed an unseen horror
   656 | D        | Noticed an unseen horror
   677 | D        | Killed an unseen horror
   677 | D        | Reached **** piety under Sif Muna
   677 | D        | Reached skill level 10 in Dodging
   677 | D        | Reached skill level 1 in Conjurations
   677 | D        | Reached skill level 1 in Ice Magic
   926 | D        | Killed an unseen horror
   967 | D        | Noticed a deep troll
   969 | D        | Killed a deep troll
   969 | D        | Reached XP level 10. HP: 46/46 MP: 27/27
   980 | D        | Found Mynum's Armour Emporium.
  1002 | D        | Noticed Sonja
  1009 | D        | Killed Sonja
  1031 | D        | Found Opleben's General Store.
  1039 | D        | Bought a wand of paralysis (3) for 55 gold pieces
  1067 | D        | Reached ***** piety under Sif Muna
  1071 | D        | Identified Simafowu's Catalogue of Calling and Boosts (Sif
                  | Muna gifted it to you in the Dungeon)
  1071 | D        | Received a gift from Sif Muna
  1081 | D        | Learned a level 5 spell: Summon Mana Viper
  1089 | D        | Reached skill level 1 in Invocations
  1466 | D        | Learned a level 5 spell: Aura of Abjuration
  1491 | D        | Paralysed by a floating eye for 4 turns
  1498 | D        | Reached skill level 5 in Fighting
  2037 | D        | Found Woem's Antique Armour Shoppe.
  2037 | D        | Found Doenywod's Assorted Antiques.
  2038 | D        | Found Xoikhlupo's Assorted Antiques.
  2038 | D        | Found Kunuafuc's Gadget Emporium.
  2039 | D        | Found Piut Judgh's Jewellery Emporium.
  2041 | D        | Reached skill level 1 in Summonings
  2068 | D        | Received a gift from Sif Muna
  2075 | D        | Learned a level 2 spell: Call Imp
  2081 | D        | Learned a level 5 spell: Fireball
  2172 | D        | Found Nidary's Magic Scroll Shop.
  2244 | D        | Found Kirgh's Distillery.
  2244 | D        | Found Nuorezi's Food Shop.
  2244 | D        | Found Ziaxegeu's Assorted Antiques.
  2244 | D        | Found Vusofil's Book Boutique.
  2244 | D        | Found Ethi's Gadget Emporium.
  2244 | D        | Found Heisas's Antique Weapon Shop.
  2244 | D        | Found Vagesaiss's Weapon Shoppe.
  2294 | D        | Reached skill level 1 in Fire Magic
  2355 | D        | Noticed a lindwurm
  2359 | D        | Killed a lindwurm
  2359 | D        | Reached XP level 11. HP: 55/55 MP: 28/28
  2371 | D        | Reached skill level 15 in Dodging
  2725 | D        | Received a gift from Sif Muna
  2732 | D        | Learned a level 4 spell: Cause Fear
  2894 | D        | Noticed a 12-headed hydra
  2896 | D        | Killed a 12-headed hydra
  2966 | D        | Found Debis's Distillery.
  2967 | D        | Bought a potion of degeneration for 10 gold pieces
  2972 | D        | Bought a buckler for 103 gold pieces
  2977 | D        | Bought a potion of brilliance for 40 gold pieces
  2979 | D        | Bought a glowing citrine amulet for 105 gold pieces
  2979 | D        | Bought a potion of heal wounds for 105 gold pieces
  2992 | D        | Bought a scroll of brand weapon for 280 gold pieces
  2994 | D        | Bought an embroidered scarf for 216 gold pieces
  3019 | D        | Bought a +4 ring of evasion for 396 gold pieces
  3249 | D        | Learned a level 6 spell: Deflect Missiles
  3258 | D        | Noticed a shadow dragon
  3258 | D        | Noticed a golden dragon
  3262 | D        | Killed a shadow dragon
  3262 | D        | Reached skill level 1 in Shields
  3262 | D        | Reached skill level 5 in Summonings
  3264 | D        | Killed a golden dragon
  3264 | D        | Identified Womoh's Guide on Displacement and Battle Magic
                  | (Sif Muna gifted it to you in the Dungeon)
  3264 | D        | Received a gift from Sif Muna
  3332 | D        | Found Qosupoze's Armour Shoppe.
  3388 | D        | Reached skill level 1 in Air Magic
  3422 | D        | Noticed a daeva
  3425 | D        | Noticed an unseen horror
  3425 | D        | Noticed an unseen horror
  3425 | D        | Noticed an unseen horror
  3426 | D        | Noticed an unseen horror
  3428 | D        | Killed an unseen horror
  3428 | D        | Reached XP level 12. HP: 60/60 MP: 30/30
  3447 | D        | Reached skill level 5 in Air Magic
  3587 | D        | Noticed a deep elf annihilator
  3591 | D        | Noticed a mummy priest
  3599 | D        | Received a gift from Sif Muna
  4646 | D        | Noticed a fire giant
  4649 | D        | Noticed a fire giant
  4650 | D        | Noticed a fire giant
  4650 | D        | Noticed a fire giant
  4978 | D        | Killed from afar by a fire giant

Skill      XL: |  1  2  3  4  5  6  7  8  9 10 11 12 |
---------------+-------------------------------------+-----
Stealth        | 10 14 18 20 21 22 23 24 | 24.0
Spellcasting   | 9 12 13 | 13.0
Dodging        | 4 13 14 17 | 17.3
Hexes          | 2 5 7 |  7.0
Conjurations   | 3 4 |  4.4
Ice Magic      | 3 4 |  4.9
Fighting       | 6 |  6.0
Invocations    | 4 |  4.8
Summonings     | 3 8 9 |  9.0
Fire Magic     | 2 3 |  3.1
Short Blades   | 7 9 |  9.3
Shields        | 1 |  1.8
Charms         | 7 |  7.0
Air Magic      | 2 6 |  6.6
Throwing       | |  2.0

Action                   |  1- 3 |  4- 6 |  7- 9 | 10-12 || total
-------------------------+-------+-------+-------+-------++-------
Melee: Dagger            |     2 |     4 |    17 |   121 ||   144
       Rapier            |       |       |       |    86 ||    86
 Fire: Blowgun           |     4 |       |     1 |    15 ||    20
 Cast: Ensorcelled Hiber |       |       |     7 |    15 ||    22
       Dazzling Spray    |       |       |     3 |    56 ||    59
       Confuse           |       |       |     1 |       ||     1
       Tukima's Dance    |       |       |       |     7 ||     7
       Cause Fear        |       |       |       |     1 ||     1
       Summon Mana Viper |       |       |       |     1 ||     1
Invok: Channel Magic     |       |       |       |     1 ||     1
       Divine Energy     |       |       |       |     1 ||     1
       Stop Divine Energ |       |       |       |     1 ||     1
       Forget Spell      |       |       |       |     1 ||     1
  Use: Scroll            |       |       |     1 |     5 ||     6
       Potion            |       |       |     2 |     6 ||     8
 Stab: Sleeping          |     1 |     4 |     7 |    29 ||    41
       Confused          |       |       |     1 |       ||     1
       Invisible         |       |       |       |     7 ||     7
       Distracted        |       |       |       |     1 ||     1
  Eat: Ration            |       |       |       |     1 ||     1
Armor: Robe              |       |       |     1 |     4 ||     5
Dodge: Dodged            |     2 |       |    34 |   238 ||   274
Block: Buckler           |       |       |       |    13 ||    13
